 Dungeon Crawl Stone Soup version 0.18-a0-1800-gdc7a371 (webtiles) character file.

6757 TheGoonsmith the Thaumaturge (level 10, -1/57 HPs)
             Began as a Deep Elf Fire Elementalist on Apr 25, 2016.
             Was a Believer of Vehumet.
             Slain by Snorg (15 damage)
             ... on level 11 of the Dungeon.
             The game lasted 00:20:16 (11822 turns).

TheGoonsmith the Thaumaturge (DEFE)                Turns: 11822, Time: 00:20:16

Health: -1/57      AC:  7    Str:  8    XL:     10   Next: 75%
Magic:  10/26      EV: 16    Int: 23    God:    Vehumet [**....]
Gold:   405        SH:  0    Dex: 16    Spells: 4 memorised, 17 levels left

rFire  . . .     SeeInvis .     y - +7 spear of Ragnarok {pain, +Blink Str+3}
rCold  . . .     Gourm    .     m - +2 robe {Archmagi}
rNeg   . . .     Faith    .     (no shield)
rPois  .         Spirit   .     (no helmet)
rElec  .         Dismiss  .     t - +2 cloak {MR+}
rCorr  .         Reflect  .     (no gloves)
SustAt .         Harm     .     (no boots)
MR     ++...                    (no amulet)
Stlth  ++........               (no ring)
                                n - ring of flight

@: very resistant to hostile enchantments, unstealthy
A: fangs 1
a: Renounce Religion, Evoke Blink, Evoke Flight


You were on level 11 of the Dungeon.
You worshipped Vehumet.
Vehumet was pleased with you.
You were not hungry.

You visited 2 branches of the dungeon, and saw 12 of its levels.

You collected 666 gold pieces.
You spent 261 gold pieces at shops.

Inventory:

Hand Weapons
 e - a +0 club
 o - a +1 dagger of flaming
 r - a +1 quarterstaff of venom
 y - the +7 spear of Ragnarok (weapon) {pain, +Blink Str+3}
   (You found it on level 8 of the Dungeon)

   In the hands of one skilled in necromantic magic, it inflicts extra damage on
   living creatures.
   It affects your strength (+3).
   It lets you blink.
Armour
 m - a +2 robe of the Archmagi (worn)
 t - a +2 cloak of magic resistance (worn)
 v - a +0 buckler
Jewellery
 n - a ring of flight (left hand)
Wands
 D - a wand of digging (16/24)
 F - a wand of flame (15/48)
 I - a wand of paralysis (16/24)
 J - a wand of lightning (11/15)
Scrolls
 h - 2 scrolls of noise
 l - 10 scrolls of teleportation
 p - 2 scrolls of recharging
 w - 5 scrolls of remove curse
 x - a scroll of blinking
 C - 3 scrolls of enchant weapon
 K - a scroll of enchant armour
 L - a scroll of amnesia
Potions
 d - a potion of berserk rage
 g - a potion of curing
 i - 2 potions of brilliance
 j - a potion of resistance {unknown}
 k - 3 potions of heal wounds
 q - a potion of mutation
 u - 4 potions of agility
 E - 2 potions of magic
 G - a potion of might {unknown}
Books
 a - a book of the Dragon

   Spells                             Type                      Level
   a - Flame Tongue                   Conjuration/Fire             1
   b - Cause Fear                     Hexes                        4
   c - Bolt of Fire                   Conjuration/Fire             6
   d - Dragon Form                    Transmutation                7
   e - Dragon's Call                  Summoning                    9
 b - a book of Flames

   Spells                             Type                      Level
   a - Flame Tongue                   Conjuration/Fire             1
   b - Throw Flame                    Conjuration/Fire             2
   c - Conjure Flame                  Conjuration/Fire             3
   d - Inner Flame                    Hexes/Fire                   3
   e - Sticky Flame                   Conjuration/Fire             4
   f - Fireball                       Conjuration/Fire             5
 B - a book of Beasts

   Spells                             Type                      Level
   a - Summon Butterflies             Summoning                    1
   b - Call Canine Familiar           Summoning                    3
   c - Summon Ice Beast               Ice/Summoning                4
   d - Summon Mana Viper              Hexes/Summoning              5
   e - Summon Hydra                   Summoning                    7
 H - a book of Debilitation

   Spells                             Type                      Level
   a - Corona                         Hexes                        1
   b - Slow                           Hexes                        2
   c - Gell's Gravitas                Hexes/Translocation          3
   d - Inner Flame                    Hexes/Fire                   3
   e - Cause Fear                     Hexes                        4
   f - Leda's Liquefaction            Hexes/Earth                  4
Comestibles
 c - 6 bread rations
 f - 3 beef jerkies
 s - a royal jelly
 z - 2 meat rations
 A - 4 fruits


   Skills:
 - Level 4.2 Fighting
 - Level 5.9 Dodging
 - Level 2.4 Stealth
 + Level 10.9 Spellcasting
 + Level 10.3 Conjurations
 + Level 9.7 Fire Magic


You had 17 spell levels left.
You knew the following spells:

 Your Spells              Type           Power        Failure   Level  Hunger
a - Flame Tongue          Conj/Fire      #####        1%          1    None
c - Conjure Flame         Conj/Fire      ######..     1%          3    None
f - Fireball              Conj/Fire      ######....   2%          5    ####...
s - Sticky Flame          Conj/Fire      ######..     1%          4    None


Dungeon Overview and Level Annotations

Branches:
Dungeon (11/15)            Temple (1/1) D:4
   Lair: D:8-11         Orc: D:9-12

Altars:
Ashenzari
Cheibriados
Dithmenos
Elyvilon
Fedhas
Gozag
Kikubaaqudgha
Makhleb
Nemelex Xobeh
Okawaru
Pakellas
Qazlal
Ru
Sif Muna
Trog
Vehumet
Xom
Yredelemnul
Zin
The Shining One

Shops:
D:5 (***

Annotations:
D:5 Sigmund
D:11 Arglure's ghost, journeyman MfGl; Snorg


Innate Abilities, Weirdness & Mutations

You have very sharp teeth.


Message History

You feel a surge of power!
The fireball explodes!
The fireball engulfs Snorg.
Snorg is severely wounded.
Snorg burns!
Casting: Fireball
Confirm with . or Enter, or press ? or * to list all spells.
Aiming: Sticky Flame
Press: ? - help, Shift-Dir - straight line, f/p - Snorg
Aim: Snorg (severely wounded, berserk, fast, unusually strong, covered in liquid flames)
You feel a surge of power!
The sticky flame hits Snorg.
Snorg is severely wounded.
Snorg is covered in liquid flames!
Snorg burns!
Snorg closely misses you. Snorg barely misses you. Snorg claws you!
Snorg misses you. Snorg closely misses you. Snorg misses you.
Snorg burns!
Snorg burns!
Snorg bites you! Snorg completely misses you. Snorg claws you!
Snorg burns!
Snorg burns!
Snorg bites you!
* * * LOW HITPOINT WARNING * * *
Snorg claws you!
You die...

### ##########
..#.# #.#.# #.#.#
#.#.# ##########
#.#.# ......##.#
#.#.#
.......#.######.#.#
...............T@.#
.......#.######.###
............# #.#
...#.###....# #.#
...#.# ########.#
####.###........#
#.....##.#### ###
............#
..........#.#


You could see Snorg (berserk).

Vanquished Creatures
  Erica (D:11)
  Urug (D:11)
  A deep elf mage (D:10)
  A centaur zombie (D:10)
  A komodo dragon (D:11)
  Grinder (D:3)
  Prince Ribbit (D:6)
  2 wyverns
  2 hippogriffs (D:11)
  A water moccasin (D:9)
  Duvessa (D:5)
  An orc warrior (D:10)
  A phantom (D:7)
  An ice beast (D:8)
  A sky beast (D:9)
  3 black bears
  An eye of draining (D:10)
  3 centaurs
  5 ogres
  5 giant frogs
  Dowan (D:5)
  A scorpion (D:7)
  10 wights (D:6)
  2 crimson imps
  3 jellies
  2 quasits
  A giant frog zombie (D:5)
  An orc priest (D:8)
  2 hounds
  4 centaur skeletons
  3 giant frog skeletons
  Crazy Yiuf (D:3)
  Jessica (D:2)
  2 orc wizards
  3 iguanas
  7 worker ants
  A hound zombie (D:5)
  Robin (D:4)
  A worker ant zombie (D:11)
  A gnoll (D:1)
  10 adders
  2 shadow imps
  An ooze (D:4)
  A worm (D:2)
  4 dart slugs
  2 giant geckos
  20 orcs
  6 giant cockroaches
  18 goblins
  12 hobgoblins
  12 jackals
  5 quokkas
  8 bats
  4 giant newts
  5 kobolds
  A quokka skeleton (D:7)
  11 rats
204 creatures vanquished.

Vanquished Creatures (others)
  A fungus (D:5)
1 creature vanquished.

Grand Total: 205 creatures vanquished

Notes
Turn   | Place    | Note
--------------------------------------------------------------
     0 | D:1      | TheGoonsmith the Deep Elf Fire Elementalist began the quest for the Orb.
     0 | D:1      | Reached XP level 1. HP: 10/10 MP: 6/6
   264 | D:1      | Reached XP level 2. HP: 15/15 MP: 5/8
   758 | D:1      | Reached XP level 3. HP: 10/19 MP: 0/10
  1264 | D:2      | Learned a level 3 spell: Conjure Flame
  1329 | D:2      | Noticed Jessica
  1361 | D:2      | Killed Jessica
  1361 | D:2      | Reached XP level 4. HP: 23/24 MP: 8/12
  1462 | D:2      | Learned a level 4 spell: Sticky Flame
  1697 | D:2      | Found a shimmering altar of Xom.
  2062 | D:2      | Found a white marble altar of Elyvilon.
  2149 | D:3      | Noticed Grinder
  2165 | D:3      | Killed Grinder
  2165 | D:3      | Reached skill level 5 in Spellcasting
  2165 | D:3      | Reached XP level 5. HP: 27/28 MP: 5/14
  2165 | D:3      | Reached XP level 6. HP: 31/32 MP: 5/15
  2174 | D:3      | Learned a level 5 spell: Fireball
  2293 | D:3      | Reached skill level 5 in Fire Magic
  2381 | D:3      | Noticed Crazy Yiuf
  2387 | D:3      | Killed Crazy Yiuf
  2779 | D:3      | Found an opulent altar of Gozag.
  2779 | D:3      | Found a sparkling altar of Nemelex Xobeh.
  2781 | D:3      | Found a bloodstained altar of Trog.
  2784 | D:3      | Found a blossoming altar of Fedhas.
  2785 | D:3      | Found a sacrificial altar of Ru.
  2785 | D:3      | Found a shattered altar of Ashenzari.
  2788 | D:3      | Found a snail-covered altar of Cheibriados.
  2790 | D:3      | Found an ancient bone altar of Kikubaaqudgha.
  2870 | D:4      | Reached skill level 5 in Conjurations
  3040 | D:4      | Noticed Robin
  3392 | D:4      | Killed Robin
  3392 | D:4      | Reached XP level 7. HP: 4/36 MP: 6/17
  4199 | D:4      | Found a staircase to the Ecumenical Temple.
  4263 | Temple   | Entered the Ecumenical Temple
  4355 | Temple   | Became a worshipper of Vehumet
  4399 | D:5      | Entered Level 5 of the Dungeon
  4407 | D:5      | Gained mutation: You have very sharp teeth. [potion of beneficial mutation]
  4679 | D:5      | Found Ostropp's General Store.
  4680 | D:5      | Found Focu's Antique Weapon Shop.
  4704 | D:5      | Bought a potion of agility for 48 gold pieces
  4704 | D:5      | Bought a potion of agility for 48 gold pieces
  4729 | D:5      | Found Hatsif's Assorted Antiques.
  4738 | D:5      | Bought a scroll labeled ADGHE LAUDOUCOLL for 35 gold pieces
  4738 | D:5      | Bought a scroll labeled ACHORE VUOWAI for 35 gold pieces
  4738 | D:5      | Bought a scroll of identify for 70 gold pieces
  4800 | D:5      | Found Tuenurie's Assorted Antiques.
  4811 | D:5      | Bought a scroll labeled YGIUJA TINKI for 25 gold pieces
  4814 | D:5      | Noticed Duvessa
  4821 | D:5      | Noticed Dowan
  4832 | D:5      | Killed Duvessa
  4836 | D:5      | Killed Dowan
  5067 | D:5      | Noticed Sigmund
  5342 | D:5      | Reached XP level 8. HP: 41/41 MP: 14/20
  5491 | D:6      | Noticed Prince Ribbit
  5498 | D:6      | Killed Prince Ribbit
  6298 | D:6      | Reached * piety under Vehumet
  6298 | D:6      | Offered knowledge of Magic Dart by Vehumet.
  6314 | D:6      | Found a glowing golden altar of the Shining One.
  6680 | D:7      | Found a burning altar of Makhleb.
  6905 | D:7      | Reached XP level 9. HP: 45/45 MP: 19/23
  7126 | D:7      | Found a glowing silver altar of Zin.
  7127 | D:7      | Noticed a green death
  7127 | D:7      | Noticed an angel
  7337 | D:8      | Got a translucent spear
  8260 | D:9      | Found a stormy altar of Qazlal.
  8676 | D:9      | Reached skill level 5 in Dodging
  9158 | D:9      | Reached skill level 1 in Fighting
  9444 | D:10     | Entered Level 10 of the Dungeon
  9452 | D:10     | Identified the +7 spear of Ragnarok {pain, +Blink Str+3} (You found it on level 8 of the Dungeon)
  9778 | D:10     | Reached ** piety under Vehumet
  9779 | D:10     | Offered knowledge of Sandblast by Vehumet.
  9786 | D:10     | Noticed a deep elf mage
  9794 | D:10     | Killed a deep elf mage
  9794 | D:10     | Reached XP level 10. HP: 52/57 MP: 12/25
 10663 | D:11     | Noticed Urug
 10667 | D:11     | Noticed a red ugly thing
 10669 | D:11     | Killed Urug
 10669 | D:11     | Reached skill level 10 in Spellcasting
 10786 | D:11     | Noticed Erica
 10794 | D:11     | Killed Erica
 10794 | D:11     | Reached skill level 10 in Conjurations
 11358 | D:11     | Noticed Arglure's ghost (journeyman MfGl)
 11810 | D:11     | Noticed Snorg
 11822 | D:11     | Slain by Snorg

Vault maps used:
D:1:      elethiomel_arrival_shortcut, minmay_close_crescents
D:2:      marbit_many_paths, xom_teletrap_fun, serial_corexii_hall,
          corexii_hall_statues_x, corexii_hall_statues_deadend,
          corexii_hall_statues_l, corexii_hall_statues_s, uniq_jessica
D:3:      minitemple, first_bread, kennysheep_generic_room_12, uniq_grinder,
          uniq_crazy_yiuf_cottage
D:4:      black_bear_nest_2, minmay_temple_entry_purple_smoke, uniq_robin
D:5:      serial_aquarium, aquarium_bridge_island_small, aquarium_window_1,
          aquarium_window_2, aquarium_window_corridor_3, aquarium_window_fake,
          aquarium_view_2e, aquarium_pool_corner, serial_shops,
          nicolae_shop_waterfront, nicolae_shop_overgrown_old_shop, shop,
          shop_coins, uniq_sigmund, uniq_duvessa
D:6:      nicolae_tso_swordbearing_angel, uniq_prince_ribbit1
D:7:      grunt_temple_overflow_order_and_chaos_2, nrook_mini_backslash
D:9:      lemuel_crystal_altar
D:11:     erik_lair_dragon, uniq_urug, uniq_erica, uniq_snorg
Temple:   circular_temple_6

Skill      XL: |  1  2  3  4  5  6  7  8  9 10 |
---------------+-------------------------------+-----
Conjurations   | 2 3 4 5 7 9 10 | 10.3
Spellcasting   | 4 5 6 8 9 10 | 10.9
Fire Magic     | 4 5 6 7 8 9 |  9.7
Dodging        | 5 |  5.9
Fighting       | 4 |  4.2
Stealth        | |  2.4

Action                   |  1- 3 |  4- 6 |  7- 9 | 10-12 || total
-------------------------+-------+-------+-------+-------++-------
Melee: Club              |    16 |       |       |       ||    16
       Dagger            |       |     3 |       |       ||     3
       Quarterstaff      |       |    18 |    17 |       ||    35
       Spear             |       |       |     7 |    20 ||    27
       Bite              |       |       |     1 |     6 ||     7
 Cast: Flame Tongue      |    70 |    94 |   231 |    42 ||   437
       Sticky Flame      |       |     3 |    24 |     9 ||    36
       Conjure Flame     |       |     3 |     3 |     1 ||     7
       Fireball          |       |       |     5 |    13 ||    18
  Use: Potion            |       |     3 |     3 |       ||     6
       Scroll            |       |       |    20 |     1 ||    21
 Stab: Sleeping          |     1 |     1 |       |       ||     2
  Eat: Chunk             |     1 |     7 |    19 |     8 ||    35
       Royal jelly       |       |       |     1 |     1 ||     2
Armor: Robe              |    10 |     8 |    21 |     7 ||    46
Dodge: Dodged            |    39 |    34 |    71 |    33 ||   177
